 Dungeon Crawl Stone Soup version 0.31-a0-848-gaac375c287 (webtiles) character file.

Game seed: 3780350565274582631

2552 javelincjr the Mimic (level 9, -1/74 HPs)
             Began as a Troll Shapeshifter on Oct 4, 2023.
             Was a Priest of Hepliaklqana.
             Slain by an orc warrior
             ... wielding a +0 trident
              (15 damage)
             ... on level 6 of the Dungeon.
             The game lasted 00:21:55 (4930 turns).

javelincjr the Mimic (Troll Shapeshifter)           Turns: 4930, Time: 00:21:56

Health: -1/74      AC:  7    Str: 34    XL:     9   Next: 31%
Magic:  10/10      EV: 10    Int:  6    God:    Hepliaklqana [***...]
Gold:   269        SH:  0    Dex:  9    Spells: 8/8 levels left

rFire   + . .        z - melded +2 hand axe (venom)
rCold   . . .        (shield currently unavailable)
rNeg    . . .        J - +0 steam dragon scales
rPois   .            (helmet restricted)
rElec   .            i - scarf {repulsion}
rCorr   .            (gloves unavailable)
SInv    .            (boots unavailable)
Will    .....        (no amulet)
Stlth   +            f - ring of protection from fire
HPRegen 1.12/turn    D - +6 ring of strength
MPRegen 0.12/turn

%: repel missiles
@: flux-form, glowing
A: glow, contaminating, reduced essence, large, unfitting armour, claws 3,
regeneration 1, shaggy fur 1, tough skin 1
a: Begin Untransformation, Renounce Religion, Recall Ancestor, Ancestor
Identity, Transference


You were on level 6 of the Dungeon.
You worshipped Hepliaklqana.
Hepliaklqana was most pleased with you.
You were something dangerously unstable.
You visited 1 branch of the dungeon, and saw 6 of its levels.

You collected 350 gold pieces.
You spent 81 gold pieces at shops.

Inventory:

Hand Weapons
 l - a +0 spear
 z - a +2 hand axe of venom (melded)
 G - the +7 short sword "Ziokasche" {vamp, rElec rF+}
   (You found it on level 4 of the Dungeon)

   rF+:       It protects you from fire.
   rElec:     It insulates you from electricity.
Missiles
 n - 5 boomerangs
 y - 7 poisoned darts
 A - a throwing net
Armour
 a - a +0 animal skin
 i - a scarf of repulsion (worn)
 J - +0 steam dragon scales (worn)
Jewellery
 f - a ring of protection from fire (left claw)
 k - an amulet of faith
 C - a ring of ice
 D - a +6 ring of strength (right claw)
 H - an amulet of reflection
Talismans
 c - a beast talisman
 d - a flux talisman (active)
 v - a blade talisman
Scrolls
 e - a scroll of torment {unknown}
 g - 2 scrolls of revelation {unknown}
 h - 3 scrolls of amnesia
 o - a scroll of blinking
 r - a scroll of immolation {unknown}
 s - 2 scrolls of noise {unknown}
 u - 2 scrolls of teleportation {unknown}
 B - a scroll of acquirement {unknown}
 E - a scroll of enchant weapon {unknown}
 I - a scroll of identify
 K - a scroll of fog {unknown}
Potions
 b - a potion of lignification
 j - a potion of heal wounds
 m - 3 potions of curing {unknown}
 p - a potion of brilliance {unknown}
 q - 2 potions of might {unknown}
 t - 2 potions of degeneration {unknown}
 w - 2 potions of attraction
 x - 2 potions of enlightenment {unknown}
 F - a potion of haste {unknown}
 L - a potion of ambrosia {unknown}


   Skills:
 + Level 3.4 Fighting
 + Level 3.8 Dodging
 + Level 5.0 Unarmed Combat
 + Level 3.5 Invocations
 * Level 9.2 Shapeshifting


You had 8 spell levels left.
You didn't know any spells.
Your spell library contained the following spells:

 Spells                   Type           Power      Damage    Failure   Level
 Blink                    Tloc           0%         N/A       58%         2
 Lesser Beckoning         Tloc           0%         N/A       58%         2
 Momentum Strike          Conj/Tloc      0%         3d8       58%         2
 Sublimation of Blood     Necr           0%         N/A       58%         2
 Wereblood                Tmut           0%         N/A       58%         2
 Summon Hydra             Summ           0%         N/A       100%        7


Dungeon Overview and Level Annotations

Branches:
Dungeon (6/15)             Temple (0/1) D:4

Altars:
Hepliaklqana
Nemelex Xobeh
Trog

Shops:
D:2 *   D:3 [(   D:4 !


Innate Abilities, Weirdness & Mutations

You are something dangerously unstable.
You glow with magical radiation, making you easy to see and hit.
Foes you strike become dangerously contaminated with magical radiation.
You are incapable of wielding weapons or throwing items.
Your life essence is reduced to manifest your ancestor. (-10% HP)
You are too large for most types of armour.
You have claws for hands.
Your natural rate of healing is unusually fast.
You are covered in fur. (AC +1)
You have tough skin. (AC +1)


Message History

The orc warrior hits you from afar with a +0 halberd!
The orc warrior hits you but does no damage.
There is a stone staircase leading up, spattered with blood here.
You barely miss the orc warrior.
The orc warrior is heavily wounded.
The orc hits you but does no damage.
Rabi hits the orc with a +0 quarterstaff!
The orc dies!
The orc warrior hits you from afar with a +0 halberd!
The orc warrior barely misses you.
The orc barely misses Rabi.
The orc warrior hits you from afar with a +0 trident!
You closely miss the orc warrior.
The orc warrior is heavily wounded.
You scratch the orc warrior.
The orc warrior begins to glow.
The orc warrior is heavily wounded.
Rabi hits the orc warrior with a +0 quarterstaff.
The orc closely misses you.
The orc warrior hits you with a +0 dire flail.
The orc warrior hits you from afar with a +0 halberd!
The orc warrior hits you from afar with a +0 trident!
The orc closely misses Rabi.
You scratch the orc warrior but do no damage.
The orc warrior glows dangerously bright.
The orc warrior is severely wounded.
Rabi barely misses the orc warrior.
The orc barely misses you.
The orc warrior hits you with a +0 dire flail!
* * * LOW HITPOINT WARNING * * *
The orc warrior hits you from afar with a +0 halberd.
* * * LOW HITPOINT WARNING * * *
The orc warrior hits you from afar with a +0 trident!
* * * LOW HITPOINT WARNING * * *
The orc barely misses Rabi.
Blink to where?
Press: ? - help, Q - select action, (/) - cycle Dir - move target
As you read the scroll of blinking, it crumbles to dust.
Something misses Rabi.
Something hits Rabi.
The orc warrior attacks as it pursues you!
The orc warrior hits you from afar with a +0 trident!
You die...

...#####....#
###...#.##.#.#
............#
#...###.##.#.#
####'''########.#.#
#.##.#.#
.........o.o8.....#
#.##.#.###
.......oo...R..####
#.##.#...#
#####.))###o#o##
#.##.###.#
###<..oo#.# #.##.#
#.#
#######..#######.##.#
#.#
#........o.p.....##.#
#.#
#.####..###########.#
#.#
#.##...###.......##.#
#.#### #......#
#.##.......# #.....
####.#.# #.##.##.####
#####. #.#.#
#.##+##.# #. ##.#(#
#.....#.####### #. ##
#..#.#
#.....#.......# #. .#
##....#
##....#######.# #.


You could see 2 orc warriors and an orc.

Vanquished Creatures
  The ghost of javelincjr the Mimic, a novice TrSh (D:5)
  Maggie (D:6)
  Grinder (D:2)
  Menkaure (D:5)
  An orc warrior (D:6)
  An ice beast (D:6)
  A bullfrog (D:6)
  5 scorpions
  2 hounds
  2 jellies (D:6)
  2 orc priests
  A sleepcap (D:5)
  Jessica (D:3)
  3 iguanas
  2 orc wizards (D:4)
  Robin (D:3)
  7 gnolls
  5 adders
  A white imp (D:6)
  An ufetubus (D:6)
  A worm (D:4)
  2 dart slugs
  11 orcs
  7 endoplasms
  A giant cockroach (D:4)
  15 goblins
  18 hobgoblins
  10 jackals
  2 quokkas
  7 ball pythons
  3 bats
  3 frilled lizards
  10 kobolds
  5 rats
135 creatures vanquished.

Vanquished Creatures (collateral kills)
  An acid dragon (D:6)
  A black bear (D:4)
  A bullfrog (D:6)
  2 hounds
  An iguana (D:4)
  A gnoll (D:4)
  3 orcs
  A goblin (D:3)
  A hobgoblin (D:4)
  2 jackals (D:5)
  A ball python (D:4)
15 creatures vanquished.

Vanquished Creatures (others)
  A battlemage (D:6)
  An ancestor (D:4)
2 creatures vanquished.

Grand Total: 152 creatures vanquished

Notes
Turn   | Place    | Note
-------+----------+-------------------------------------------
     0 | D:1      | javelincjr the Troll Shapeshifter began the quest for the
                  | Orb.
     0 | D:1      | Reached XP level 1. HP: 18/18 MP: 0/0
   408 | D:1      | Reached XP level 2. HP: 26/26 MP: 1/1
   777 | D:2      | Found a hazy altar of Hepliaklqana.
   817 | D:2      | Became a worshipper of Hepliaklqana the Forgotten
   845 | D:2      | Reached skill level 4 in Shapeshifting
   845 | D:2      | Reached XP level 3. HP: 32/32 MP: 2/2
   903 | D:2      | Found Faegozxu's Assorted Antiques.
   909 | D:2      | Bought a fizzy dark potion for 25 gold pieces
   909 | D:2      | Bought a scroll labelled OSMAFREKKE for 28 gold pieces
   943 | D:2      | Reached XP level 4. HP: 25/40 MP: 3/3
  1165 | D:2      | Reached skill level 5 in Shapeshifting
  1461 | D:2      | Bought a scroll labelled EGEXI XYIMIAF for 28 gold pieces
  1502 | D:3      | Found Mismis's Armour Emporium.
  1552 | D:3      | Noticed Grinder
  1568 | D:3      | Paralysed by Grinder for 4 turns
  1619 | D:2      | Killed Grinder
  1620 | D:2      | Reached skill level 6 in Shapeshifting
  1620 | D:2      | Reached XP level 5. HP: 46/46 MP: 4/4
  1620 | D:2      | Reached XP level 6. HP: 54/54 MP: 5/5
  1629 | D:3      | Noticed Robin
  1632 | D:3      | Killed Robin
  1731 | D:3      | Found a bloodstained altar of Trog.
  1823 | D:3      | Noticed Jessica
  1827 | D:3      | Killed Jessica
  1828 | D:3      | Found Pilaixuy's Weapon Shoppe.
  1976 | D:3      | Reached * piety under Hepliaklqana
  2450 | D:4      | Found Wanu's Distillery.
  2527 | D:4      | Reached skill level 7 in Shapeshifting
  2599 | D:5      | Entered Level 5 of the Dungeon
  2608 | D:4      | Reached XP level 7. HP: 54/54 MP: 6/6
  2643 | D:4      | Reached ** piety under Hepliaklqana
  2661 | D:4      | Found a staircase to the Ecumenical Temple.
  2681 | D:4      | Reached skill level 1 in Fighting
  2948 | D:4      | Identified the +7 short sword "Ziokasche" {vamp, rElec rF+}
  3153 | D:4      | Reached skill level 1 in Invocations
  3319 | D:5      | Found a sparkling altar of Nemelex Xobeh.
  3320 | D:5      | Noticed Menkaure
  3335 | D:5      | Killed Menkaure
  3336 | D:5      | Reached skill level 8 in Shapeshifting
  3388 | D:5      | Reached XP level 8. HP: 64/64 MP: 8/8
  4087 | D:6      | Noticed Maggie
  4097 | D:6      | Killed Maggie
  4456 | D:6      | Reached *** piety under Hepliaklqana
  4477 | D:6      | Reached XP level 9. HP: 70/72 MP: 10/10
  4509 | D:6      | Found a runed translucent gate.
  4509 | D:6      | Noticed javelincjr's ghost (novice TrSh)
  4510 | D:6      | Found a runed translucent gate.
  4510 | D:6      | Identified the +0 plate armour "Gaph" {rF++}
  4511 | D:6      | Found a runed translucent gate.
  4546 | D:6      | Reached skill level 9 in Shapeshifting
  4754 | D:6      | Found the +0 pair of fencer's gloves {Riposte Dex+3}
  4764 | D:6      | Remembered your ancestor Rabi as a battlemage
  4779 | D:5      | Killed javelincjr's ghost
  4780 | D:5      | Reached skill level 5 in Unarmed Combat
  4930 | D:6      | Slain by an orc warrior

Illustrated notes

Levels and vault maps discovered:
D:1:      minmay_arrival_five_plusses, layout_basic
D:2:      layout_basic, basic_altar, serial_shops, shop
D:3:      corexii_shack_village, layout_basic, lightli_temple_of_fire,
          serial_shops, nicolae_diamond_shop, shop, kennysheep_generic_room_4,
          uniq_grinder, uniq_jessica, uniq_robin
D:4:      layout_cave_pools, minmay_temple_entry_waves, serial_shops, shop
D:5:      layout_basic, nemelex_spade_bored_becter, uniq_menkaure
D:6:      layout_basic, biasface_ghost_orc_armoury, uniq_maggie

Skill      XL: |  1  2  3  4  5  6  7  8  9 |
---------------+----------------------------+-----
Shapeshifting  | 4 6 7 8 9 |  9.2
Fighting       | 1 3 |  3.4
Dodging        | 2 3 |  3.8
Invocations    | 1 3 |  3.5
Unarmed Combat | 4 5 |  5.0

Action                     |  1- 3 |  4- 6 |  7- 9 || total
---------------------------+-------+-------+-------++-------
  Melee: Unarmed           |    53 |    98 |   180 ||   331
         Hand axe          |       |    51 |       ||    51
         Punch             |       |     2 |       ||     2
 Invoke: Ancestor Life: Ba |       |       |     1 ||     1
    Use: Scroll            |       |     4 |     1 ||     5
         Potion            |       |       |     1 ||     1
 Armour: Animal skin       |    23 |   122 |    80 ||   225
         Steam dragon scal |       |       |    78 ||    78
  Dodge: Dodged            |    16 |    68 |    96 ||   180
         Repelled          |       |       |     1 ||     1
   Form: Flux              |       |     1 |       ||     1

Table legend: (Time is in decaauts)
 A = Elapsed time spent in this place.
 B = Non-inter-level travel time spent in this place.
 C = Inter-level travel time spent in this place.
 D = Time resting spent in this place.
 E = Time spent auto-exploring this place.
 F = Levels seen in this place.
 G = Mean time per level.
                   A        B        C        D        E       F      G
               +--------+--------+--------+--------+--------+-----+--------+
         Total |   4924 |   4752 |    172 |    225 |   3542 |   6 |  820.7 |
       Dungeon |   4924 |   4752 |    172 |    225 |   3542 |   6 |  820.7 |
               +--------+--------+--------+--------+--------+-----+--------+

Top non-repeatable levels by time:
     D:5: 960 daAuts
     D:3: 903 daAuts
     D:2: 846 daAuts
     D:6: 778 daAuts
     D:4: 737 daAuts
     D:1: 697 daAuts
